 Dungeon Crawl Stone Soup version 0.27-a0-1442-g87b6fcb595 (webtiles) character file.

Game seed: 12847077872550981535

108948 octoduck the Devastator (level 16, 0/106 HPs)
             Began as a Tengu Air Elementalist on July 3, 2021.
             Was the Champion of Vehumet.
             Killed from afar by Jorgrun (60 damage)
             ... with an iron shot
             ... on level 1 of the Shoals on July 4, 2021.
             The game lasted 03:34:28 (44244 turns).

octoduck the Devastator (Tengu Air Elementalist)   Turns: 44244, Time: 03:34:35

Health: 0/106      AC: 13    Str: 14    XL:     16   Next: 51%
Magic:  16/40      EV: 19    Int: 20    God:    Vehumet [******]
Gold:   2764       SH:  0    Dex: 19    Spells: 6/35 levels left

rFire    . . .     SeeInvis .   s - +9 great sword of Zaitzohe {holy, rElec Dex+4}
rCold    + . .     Faith    .   (shield currently unavailable)
rNeg     . . .     Spirit   .   g - +4 ring mail of the Equinox {+Blink rC+ Str+3}
rPois    +         Reflect  .   (helmet restricted)
rElec    +         Harm     .   q - +1 cloak
rCorr    .         Rampage  .   (no gloves)
Will     +....                  (boots unavailable)
Stlth    ++........             y - amulet of magic regeneration
HPRegen  0.27/turn              L - ring of magical power
MPRegen  0.52/turn              B - ring of poison resistance

@: flying quickly and evasively, quick
A: beak, talons 3, nimble flight
a: Renounce Religion, Evoke Blink


You were on level 1 of the Shoals.
You worshipped Vehumet.
Vehumet was exalted by your worship.
You visited 5 branches of the dungeon, and saw 25 of its levels.
You also visited: Bailey and Gauntlet.

You collected 3692 gold pieces.
You spent 928 gold pieces at shops.

Inventory:

Hand Weapons
 s - the +9 great sword of Zaitzohe (weapon) {holy, rElec Dex+4}
   (You found it on level 6 of the Lair of Beasts)

   It has been blessed by the Shining One to cause great damage to the undead
   and demons.
   Dex:       It affects your dexterity (+4).
   rElec:     It insulates you from electricity.
 u - the +10 short sword of Toicram {vorpal, rC+ Str-2 Stlth+}
   (You found it on level 8 of the Dungeon)

   It inflicts extra damage upon your enemies.
   Str:       It affects your strength (-2).
   rC:        It protects you from cold.
   Stlth:     It makes you more stealthy.
 Y - the +8 hand axe of Makhleb's Hope {vorpal, rF+ Int+2}
   (You found it on level 11 of the Dungeon)

   It inflicts extra damage upon your enemies.
   Int:       It affects your intelligence (+2).
   rF:        It protects you from fire.
Armour
 g - the +4 ring mail of the Equinox (worn) {+Blink rC+ Str+3}
   (You found it on level 4 of the Dungeon)

   Str:       It affects your strength (+3).
   rC:        It protects you from cold.
   +Blink:    It lets you blink.
 q - a +1 cloak (worn)
Jewellery
 d - a ring of positive energy
 l - a ring of resist corrosion
 y - an amulet of magic regeneration (around neck)
 B - a ring of poison resistance (right hand)
 C - a ring of wizardry
 H - a ring of protection from fire
 L - a ring of magical power (left hand)
 N - a ring of see invisible
 V - a +4 ring of protection
Wands
 c - a wand of flame (78)
 k - a wand of paralysis (16)
 n - a wand of iceblast (52)
 v - a wand of acid (25)
 w - a wand of mindburst (28)
 U - a wand of polymorph (18)
Scrolls
 a - 2 scrolls of amnesia
 f - 4 scrolls of fear
 i - 7 scrolls of teleportation
 o - 5 scrolls of identify
 r - 3 scrolls of torment
 t - a scroll of brand weapon
 z - 5 scrolls of vulnerability
 D - 3 scrolls of blinking
 F - 2 scrolls of fog
 G - a scroll of magic mapping
 I - a scroll of enchant weapon
 J - 5 scrolls of enchant armour
 Q - a scroll of holy word {unknown}
Potions
 b - 3 potions of haste
 e - 3 potions of might
 j - 7 potions of curing
 m - 2 potions of heal wounds
 p - 11 potions of ambrosia
 E - 2 potions of magic
 K - 2 potions of lignification
 M - a potion of brilliance
 O - 4 potions of attraction
 R - 2 potions of resistance
 W - 2 potions of mutation
 X - a potion of cancellation
Miscellaneous
 h - a box of beasts
 x - a condenser vane
 A - a phial of floods
 P - a tin of tremorstones (2/2)
 T - a phantom mirror


   Skills:
 - Level 14.1 Fighting
 - Level 9.9 Armour
 - Level 9.0 Dodging
 - Level 2.0 Stealth
 + Level 10.4 Spellcasting
 + Level 16.1 Conjurations
 - Level 4.0 Translocations
 - Level 6.8 Ice Magic
 - Level 14.6 Air Magic
 - Level 4.6 Poison Magic


You had 6 spell levels left.
You knew the following spells:

 Your Spells              Type           Power      Damage    Failure   Level
a - Shock                 Conj/Air       100%       1d9       0%          1
b - Swiftness             Air            62%        N/A       1%          3
c - Mephitic Cloud        Conj/Pois/Air  55%        N/A       1%          3
d - Conjure Ball Lightni  Conj/Air       32%        3x3d10    1%          6
e - Airstrike             Air            31%        N/A       1%          4
f - Freezing Cloud        Conj/Ice/Air   28%        6-21      1%          5
g - Iskenderun's Battles  Conj           66%        2d12      1%          5
h - Blink                 Tloc           N/A        N/A       3%          2

Your spell library contained the following spells:

 Spells                   Type           Power      Damage    Failure   Level
 Irradiate                Conj/Tmut      21%        3d20      3%          5
 Magic Dart               Conj           100%       1d8       0%          1
 Searing Ray              Conj           100%       3d7       0%          2
 Foxfire                  Conj/Fire      100%       2x1d9     1%          1
 Corpse Rot               Necr/Air       N/A        N/A       1%          2
 Poisonous Vapours        Pois/Air       96%        N/A       1%          2
 Static Discharge         Conj/Air       64%        N/A       1%          2
 Conjure Flame            Conj/Fire      42%        6-21      1%          3
 Dazzling Flash           Conj/Hex       84%        N/A       1%          3
 Frozen Ramparts          Ice            74%        1d9       1%          3
 Ozocubu's Armour         Ice            37%        N/A       1%          3
 Stone Arrow              Conj/Erth      84%        3d12      1%          3
 Fulminant Prism          Conj/Hex       21%        3d13      1%          4
 Iskenderun's Mystic Bla  Conj/Tloc      50%        2d11      1%          4
 Lightning Bolt           Conj/Air       32%        1d49      1%          5
 Apportation              Tloc           52%        N/A       2%          1
 Fireball                 Conj/Fire      21%        3d10      3%          5
 Ensorcelled Hibernation  Hex/Ice        48%        N/A       4%          2
 Ignite Poison            Fire/Tmut/Pois 16%        N/A       5%          3
 Summon Lightning Spire   Summ/Air       39%        N/A       6%          4
 Gell's Gravitas          Tloc           13%        N/A       7%          3
 Lesser Beckoning         Tloc           13%        N/A       7%          3
 Teleport Other           Tloc           26%        N/A       7%          3
 Inner Flame              Hex/Fire       10%        N/A       10%         3
 Bolt of Magma            Conj/Fire/Erth 15%        4d9       10%         5
 Animate Skeleton         Necr           20%        N/A       12%         1
 Beastly Appendage        Tmut           20%        N/A       12%         1
 Corona                   Hex            11%        N/A       12%         1
 Pain                     Necr           40%        1d6       12%         1
 Summon Small Mammal      Summ           40%        N/A       12%         1
 Spider Form              Tmut/Pois      9%         N/A       13%         3
 Portal Projectile        Hex/Tloc       36%        N/A       16%         3
 Call Imp                 Summ           10%        N/A       17%         2
 Slow                     Hex            10%        N/A       17%         2
 Sublimation of Blood     Necr           5%         N/A       17%         2
 Wereblood                Tmut           10%        N/A       17%         2
 Iron Shot                Conj/Erth      21%        9d5       17%         6
 Starburst                Conj/Fire      21%        8x6d7     17%         6
 Ice Form                 Ice/Tmut       24%        N/A       28%         4
 Summon Ice Beast         Ice/Summ       24%        N/A       28%         4
 Confusing Touch          Hex            10%        N/A       34%         3
 Summon Guardian Golem    Hex/Summ       10%        N/A       34%         3
 Vampiric Draining        Necr           5%         2d6       34%         3
 Lee's Rapid Deconstruct  Erth           5%         3d7*      58%         5
 Animate Armour           Summ/Erth      20%        N/A       75%         4
 Animate Dead             Necr           5%         N/A       75%         4
 Dispel Undead            Necr           10%        3d9       75%         4
 Alistair's Intoxication  Tmut/Pois      12%        N/A       77%         5
 Summon Forest            Summ/Tloc      9%         N/A       80%         5
 Eringya's Noxious Bog    Tmut/Pois      9%         N/A       82%         6
 Blade Hands              Tmut           5%         N/A       97%         5
 Borgnjor's Vile Clutch   Necr/Erth      5%         N/A       97%         5
 Excruciating Wounds      Necr           5%         N/A       97%         5
 Summon Mana Viper        Hex/Summ       10%        N/A       97%         5
 Dispersal                Tloc           13%        N/A       98%         6
 Death Channel            Necr           5%         N/A       100%        6
 Invisibility             Hex            5%         N/A       100%        6
 Shadow Creatures         Summ           N/A        N/A       100%        6
 Orb of Destruction       Conj           33%        9d12      3%          7
 Spellforged Servitor     Conj/Summ      21%        N/A       63%         7
 Ozocubu's Refrigeration  Ice            18%        4d8       78%         7
 Lehudib's Crystal Spear  Conj/Erth      21%        10d6      99%         8
 Monstrous Menagerie      Summ           5%         N/A       100%        7
 Summon Hydra             Summ           5%         N/A       100%        7
 Borgnjor's Revivificati  Necr           5%         N/A       100%        8
 Ignition                 Fire           5%         3d4       100%        8


Dungeon Overview and Level Annotations

Branches:
Dungeon (15/15)            Temple (1/1) D:4            Lair (6/6) D:9
 Shoals (1/4) Lair:3        Snake (0/4) Lair:4        Slime (0/5) Lair:5
    Orc (2/2) D:11            Elf (0/3) Orc:2        Vaults (0/5) D:14
 Depths (0/5) D:15         Bailey (visited)         Gauntlet (visited)

Altars:
Ashenzari
Elyvilon
Gozag
Hepliaklqana
Kikubaaqudgha
Makhleb
Okawaru
Qazlal
Ru
Trog
Uskayaw
Vehumet
Wu Jian
Xom
Zin
The Shining One
Beogh

Shops:
D:7 :   D:10 !   D:11 [

Portals:
Hell: Lair:6

Annotations:
D:15 1 runed translucent door
Shoals:1 Jorgrun
Orc:1 Saint Roka


Innate Abilities, Weirdness & Mutations

You have a beak for a mouth.
You have claws for feet.
Your magical nature lets you fly swiftly and evasively.


Message History

That beam is likely to hit you.
Continue anyway?
The harpy is engulfed in freezing vapours. x4
Jorgrun is engulfed in freezing vapours.
The merfolk siren is engulfed in freezing vapours.
The merfolk siren chants a haunting song.
You are mesmerised by the merfolk siren!
The snapping turtle is engulfed in freezing vapours.
The harpy is engulfed in freezing vapours.
The harpy claws you! The harpy claws you.
The cyclops is engulfed in freezing vapours.
You cannot move away from the merfolk siren!
Press: ? - help, v - describe, . - travel
Here: a merfolk siren, wielding a +0 trident (freezing vapour, heavily wounded, mesmerising)
The floor.
Casting: Freezing Cloud (mildly dangerous; 1% risk of failure)
Confirm with . or Enter, or press ? or * to list all spells.
Aiming: Airstrike (safe; 1% risk of failure)
Press: ? - help, Dir - move target, f - merfolk siren
Aim: a merfolk siren, wielding a +0 trident (freezing vapour, heavily wounded, mesmerising)
The air twists around and strikes the merfolk siren!
The merfolk siren is almost dead.
The harpy is engulfed in freezing vapours.
The harpy claws you! The harpy completely misses you.
The harpy is engulfed in freezing vapours.
The harpy misses you. x2
The harpy is engulfed in freezing vapours. x2
Jorgrun is engulfed in freezing vapours.
The merfolk siren is engulfed in freezing vapours.
You break out of your daze!
You kill the merfolk siren!
Vehumet accepts your kill.
You feel your power returning.
The snapping turtle is engulfed in freezing vapours.
The harpy barely misses you. The harpy misses you. The harpy claws you!
The harpy closely misses you.
Jorgrun is engulfed in freezing vapours.
Jorgrun casts a spell at you. The iron shot hits you!!!
Ouch! That really hurt!
You die...

.#.......≈....
§§§§...≈≈≈≈.. .
§§§..≈≈..≈. .>
#t..≈.... ...
####g§§§.. ....
#....§§§.#.≈≈..
#....≈§§C...≈..
#..≈H@....≈≈≈
#...H....≈≈≈≈
#.........≈≈≈≈
#..≈......≈÷≈.
......≈≈≈≈≈≈...
........≈≈≈≈...
........≈≈≈...#
.........≈≈....


You could see Jorgrun, a snapping turtle, a cyclops and 2 harpies.

Vanquished Creatures
  Kirke (Lair:6)
  A dire elephant (Lair:6)
  A merfolk impaler (Lair:3)
  A vault guard (D:14)
  11 hydras
  Erolcha (D:10)
  3 boulder beetles
  A catoblepas (Lair:6)
  An ogre mage (D:10)
  4 two-headed ogres
  A death knight (D:13)
  4 centaur warriors
  A merfolk avatar (Shoals:1)
  A dancing weapon (D:6)
  Urug (Lair:1)
  11 death yaks
  Sonja (Lair:1)
  A sun demon (Lair:6)
  A deep elf knight (D:14)
  A fire crab (Lair:6)
  3 skeletal warriors (D:13)
  A sea snake (Lair:3)
  2 harpies (Shoals:1)
  4 wizards
  The ghost of atabob the Skirmisher, a novice DrCj (D:6)
  2 lindwurms (Lair:6)
  A deep elf zephyrmancer (D:15)
  A wolf spider (Lair:6)
  A wolf spider zombie (D:15)
  An oklob plant (Lair:4)
  2 necromancers
  6 orc knights
  4 cyclopes
  A salamander (Lair:6)
  3 manticores
  16 ugly things
  2 orc sorcerers
  11 elephants
  3 black mambas
  A merfolk siren (Shoals:1)
  A smoke demon (Lair:6)
  3 gargoyles
  2 naga magi (D:15)
  An orange demon (Lair:6)
  10 cane toads
  An efreet (D:10)
  14 komodo dragons
  A rime drake (shapeshifter) (D:13)
  4 rime drakes
  2 freezing wraiths (D:13)
  A queen bee (D:11)
  An ice devil (Lair:6)
  9 trolls
  3 red devils (Lair:6)
  A hornet (D:10)
  2 polar bears (Lair:6)
  4 slime creatures (D:13)
  Prince Ribbit (D:9)
  14 blink frogs
  4 dream sheep (Lair:6)
  A slime creature (shapeshifter) (D:15)
  A raiju (shapeshifter) (D:10)
  A meliai zombie (D:10)
  2 vampires (D:13)
  A water elemental (Lair:3)
  4 fire bats (Lair:6)
  5 wraiths
  7 wyverns
  49 yaks
  21 humans (D:14)
  7 basilisks
  2 hogs (Lair:6)
  Grum (D:8)
  A vampire mosquito (D:10)
  5 wargs
  A harpy simulacrum (D:15)
  4 nagas (Lair:4)
  4 acid dragons
  5 hell hounds
  11 water moccasins
  A swamp drake (D:11)
  Duvessa (D:7)
  A sky beast (D:8)
  8 black bears
  7 ogres
  An ice beast (D:6)
  44 orc warriors
  A necrophage (D:5)
  9 wolves
  A boggart (D:10)
  14 centaurs
  5 kobold brigands
  Blork the orc (D:6)
  12 bullfrogs
  A gnoll sergeant (D:9)
  3 scorpions
  2 water moccasin zombies
  Dowan (D:7)
  A water moccasin skeleton (D:6)
  A wyvern skeleton (D:5)
  37 killer bees
  11 wights
  7 howler monkeys
  3 electric eels (Lair:6)
  A crimson imp (D:13)
  2 jellies
  2 centaur zombies
  2 hounds
  24 orc priests
  3 gnoll shamans (D:10)
  4 centaur skeletons
  An iguana (D:7)
  26 orc wizards
  A killer bee zombie (D:5)
  A hound skeleton (D:4)
  A howler monkey zombie (D:8)
  11 adders
  A howler monkey skeleton (D:7)
  3 gnolls (D:9)
  13 white imps
  A worm (D:2)
  2 dart slugs
  115 orcs
  6 ball pythons
  4 endoplasms
  6 giant cockroaches
  6 goblins
  8 hobgoblins
  8 jackals
  23 kobolds
  A quokka (D:4)
  9 bats
  5 frilled lizards
  2 rats
791 creatures vanquished.

Vanquished Creatures (collateral kills)
  A ball lightning (D:15)
1 creature vanquished.

Vanquished Creatures (others)
  A cane toad (Lair:6)
  A human (Lair:6)
  43 ball lightnings
  A bush (Lair:6)
  45 fungi
  82 plants
173 creatures vanquished.

Grand Total: 965 creatures vanquished

Notes
Turn   | Place    | Note
-------+----------+-------------------------------------------
     0 | D:1      | octoduck the Tengu Air Elementalist began the quest for the
                  | Orb.
     0 | D:1      | Reached XP level 1. HP: 10/10 MP: 4/4
   218 | D:1      | Reached skill level 2 in Conjurations
   370 | D:1      | Reached XP level 2. HP: 15/15 MP: 0/6
  1032 | D:1      | Reached XP level 3. HP: 19/19 MP: 4/7
  1136 | D:1      | Reached skill level 3 in Conjurations
  1508 | D:2      | Reached skill level 5 in Air Magic
  2379 | D:2      | Reached XP level 4. HP: 24/24 MP: 0/8
  2745 | D:2      | Reached skill level 4 in Conjurations
  3251 | D:3      | Found a shimmering altar of Xom.
  3404 | D:3      | Gained mutation: Your magical nature lets you fly swiftly
                  | and evasively. [Tengu growth]
  3404 | D:3      | Reached XP level 5. HP: 28/28 MP: 6/9
  3955 | D:4      | Identified the +4 ring mail of the Equinox {+Blink rC+
                  | Str+3}
  4165 | D:4      | Reached skill level 5 in Conjurations
  4244 | D:4      | Found a staircase to the Ecumenical Temple.
  4252 | Temple   | Entered the Ecumenical Temple
  4348 | Temple   | Became a worshipper of Vehumet
  4397 | D:4      | Noticed an ogre
  4536 | D:3      | Reached XP level 6. HP: 11/32 MP: 7/10
  4543 | D:3      | HP: 1/32 [poisoned by a scorpion]
  4914 | D:4      | Noticed a black bear
  4935 | D:4      | Learned a level 3 spell: Swiftness
  4939 | D:4      | Learned a level 3 spell: Mephitic Cloud
  4949 | D:4      | Found a stormy altar of Qazlal.
  5359 | D:3      | Learned a level 2 spell: Static Discharge
  5537 | D:4      | Reached XP level 7. HP: 13/36 MP: 2/11
  6053 | D:4      | Found an ornate altar of the Wu Jian Council.
  6072 | D:4      | Found an ancient bone altar of Kikubaaqudgha.
  6077 | D:4      | Found a hide-covered altar of Uskayaw.
  6406 | D:5      | Entered Level 5 of the Dungeon
  7113 | D:5      | Got the Handbook of Hedging
  7138 | D:5      | Reached * piety under Vehumet
  7138 | D:5      | Offered knowledge of Sandblast by Vehumet.
  7277 | D:5      | Reached XP level 8. HP: 35/41 MP: 1/12
  7382 | D:5      | Found a broken altar of Ashenzari.
  7885 | D:6      | Noticed Blork the orc
  7921 | D:6      | Killed Blork the orc
  9023 | D:6      | Reached skill level 5 in Dodging
  9023 | D:6      | Reached skill level 10 in Air Magic
  9173 | D:6      | Found a runed translucent door.
  9173 | D:6      | Found a shimmering altar of Xom.
  9173 | D:6      | Noticed a +1 short sword of chaos
  9173 | D:6      | Noticed atabob's ghost (novice DrCj)
  9419 | D:7      | Found Engofoy's Book Emporium.
  9686 | D:7      | Reached XP level 9. HP: 45/45 MP: 8/13
  9879 | D:7      | Noticed Dowan
  9880 | D:7      | Noticed Duvessa
 10408 | D:7      | Found an iron altar of Okawaru.
 10524 | D:7      | Killed Dowan
 10537 | D:7      | Killed Duvessa
 10743 | D:6      | Identified a scroll of acquirement
 10743 | D:6      | Acquired 494 gold pieces
 10775 | D:7      | Bought a book of Storms for 352 gold pieces
 10775 | D:7      | Bought a book of Vapours for 286 gold pieces
 10861 | D:8      | Noticed Grum
 11223 | D:8      | Reached skill level 1 in Fighting
 11385 | D:8      | Killed Grum
 11774 | D:8      | Identified the +10 short sword of Toicram {vorpal, rC+
                  | Str-2 Stlth+}
 11791 | D:8      | Found a bloodstained altar of Trog.
 12140 | D:8      | Reached ** piety under Vehumet
 12308 | D:8      | You are sucked into a shaft and drop 1 floor!
 12322 | D:9      | Offered knowledge of Freeze by Vehumet.
 12350 | D:8      | Found a white marble altar of Elyvilon.
 12620 | D:9      | Found a staircase to the Lair.
 12620 | D:9      | Noticed an elephant
 12775 | D:9      | Noticed a troll
 13024 | D:9      | Reached XP level 10. HP: 58/58 MP: 11/14
 13034 | D:9      | Learned a level 4 spell: Airstrike
 13203 | D:9      | Reached skill level 5 in Fighting
 14131 | D:9      | Noticed Prince Ribbit
 14141 | D:9      | Killed Prince Ribbit
 14564 | D:10     | Entered Level 10 of the Dungeon
 15089 | D:10     | Noticed a gargoyle
 15161 | D:9      | Killed an elephant
 15332 | D:10     | Noticed a two-headed ogre
 15373 | D:10     | Noticed a red ugly thing
 15437 | Lair:1   | Entered Level 1 of the Lair of Beasts
 15480 | Lair:1   | Noticed Urug
 15642 | Lair:1   | Noticed Sonja
 15653 | Lair:1   | Killed Sonja
 15664 | Lair:1   | Reached XP level 11. HP: 51/66 MP: 4/18
 15706 | Lair:1   | Learned a level 5 spell: Freezing Cloud
 15879 | Lair:1   | Offered knowledge of Dazzling Flash by Vehumet.
 15880 | Lair:1   | Reached skill level 1 in Ice Magic
 17843 | Lair:2   | Reached *** piety under Vehumet
 18855 | Lair:3   | Found a gate leading to a gauntlet.
 18864 | Gauntlet | Entered a Gauntlet
 18864 | Gauntlet | Found a runed translucent door.
 18864 | Gauntlet | Found a transporter.
 18864 | Gauntlet | Found a runed translucent door.
 18864 | Gauntlet | Found a transporter.
 18864 | Gauntlet | Noticed a fire crab
 18866 | Gauntlet | Found a transporter.
 18869 | Gauntlet | Found a transporter.
 18888 | Gauntlet | Found a transporter.
 18891 | Gauntlet | Found a transporter.
 18891 | Gauntlet | Noticed a tengu warrior
 19474 | Lair:3   | You are sucked into a shaft and drop 1 floor!
 19554 | Lair:4   | Noticed an eight-headed hydra
 19577 | Lair:4   | Noticed an eight-headed hydra
 19941 | Lair:1   | Killed Urug
 19941 | Lair:1   | Offered knowledge of Olgreb's Toxic Radiance by Vehumet.
 19942 | Lair:1   | Reached skill level 5 in Ice Magic
 20434 | Lair:3   | Found a staircase to the Shoals.
 20473 | Lair:3   | Noticed a six-headed hydra
 20488 | Lair:3   | Killed a six-headed hydra
 21065 | Lair:4   | Reached XP level 12. HP: 75/75 MP: 15/20
 21144 | Lair:4   | Reached skill level 5 in Spellcasting
 21836 | Lair:3   | Reached **** piety under Vehumet
 22015 | Lair:4   | Killed an eight-headed hydra
 22016 | Lair:4   | Reached skill level 10 in Fighting
 22048 | Lair:4   | Killed an eight-headed hydra
 22449 | Lair:4   | Offered knowledge of Fireball by Vehumet.
 22626 | Lair:4   | Learned a level 5 spell: Iskenderun's Battlesphere
 22629 | Lair:4   | Learned a level 2 spell: Blink
 23001 | Lair:4   | Reached skill level 1 in Translocations
 23108 | Lair:4   | Found a staircase to the Snake Pit.
 23574 | Lair:5   | Found a staircase to the Slime Pits.
 23890 | Lair:5   | Reached XP level 13. HP: 79/84 MP: 17/24
 24253 | Lair:5   | Reached ***** piety under Vehumet
 24253 | Lair:5   | Offered knowledge of Yara's Violent Unravelling by Vehumet.
 24254 | Lair:5   | Reached skill level 6 in Conjurations
 24517 | Lair:5   | Reached skill level 7 in Conjurations
 24659 | Lair:5   | Reached skill level 8 in Conjurations
 25265 | Lair:5   | Acquired 1050 gold pieces
 25330 | Lair:6   | Entered Level 6 of the Lair of Beasts
 25335 | Lair:6   | Reached skill level 9 in Conjurations
 25336 | Lair:6   | Reached skill level 1 in Armour
 25578 | Lair:6   | Noticed Kirke
 25584 | Lair:6   | Killed Kirke
 25585 | Lair:6   | Reached skill level 5 in Armour
 25585 | Lair:6   | Reached skill level 10 in Conjurations
 25806 | Lair:6   | Reached XP level 14. HP: 92/92 MP: 19/25
 26575 | Lair:6   | Reached skill level 11 in Conjurations
 27565 | Lair:6   | Noticed a dire elephant
 27584 | Lair:6   | Killed a dire elephant
 27837 | Lair:6   | Found a burning altar of Makhleb.
 27859 | Lair:6   | Reached skill level 12 in Conjurations
 28544 | D:6      | Killed atabob's ghost
 28895 | D:10     | Offered knowledge of Hailstorm by Vehumet.
 29015 | D:10     | Found Zureatru's Distillery.
 29022 | D:10     | Bought a potion of heal wounds for 50 gold pieces
 29022 | D:10     | Bought a potion of heal wounds for 50 gold pieces
 29022 | D:10     | Bought a potion of lignification for 30 gold pieces
 29022 | D:10     | Bought a potion of mutation for 80 gold pieces
 29022 | D:10     | Bought a potion of cancellation for 80 gold pieces
 29514 | D:10     | Noticed Erolcha
 29623 | D:10     | Killed Erolcha
 30342 | D:10     | Reached skill level 13 in Conjurations
 30489 | D:10     | Reached XP level 15. HP: 89/98 MP: 24/26
 30638 | D:10     | Identified the amulet "Xonlitit" {Spirit +Inv rPois}
 30787 | D:10     | Got the Handbook of Dislocated Darkness
 30839 | D:10     | Identified the +8 mace of Keovvil {flame, rPois Str+4}
 31136 | D:11     | Found a staircase to the Orcish Mines.
 31234 | D:11     | Found Dige Hiah's Specialty Armours.
 31674 | D:11     | Found a flagged portal.
 31683 | D:11     | Identified the +7 hand axe "Extoem" {drain, rF- rCorr
                  | Dex+5}
 31686 | D:11     | Identified the +8 hand axe of Makhleb's Hope {vorpal, rF+
                  | Int+2}
 31701 | Bailey   | Entered a bailey
 31826 | Bailey   | Found an iron altar of Okawaru.
 32430 | Orc:1    | Entered Level 1 of the Orcish Mines
 32685 | Orc:2    | Entered Level 2 of the Orcish Mines
 32703 | Orc:2    | Reached skill level 14 in Conjurations
 33085 | Orc:2    | Found a staircase to the Elven Halls.
 33378 | Orc:2    | Offered knowledge of Conjure Ball Lightning by Vehumet.
 34442 | Orc:1    | Learned a level 6 spell: Conjure Ball Lightning
 34983 | Orc:1    | Upgraded the game from 0.27-a0-1434-g6f15984924 to
                  | 0.27-a0-1442-g87b6fcb595
 35296 | Orc:2    | Reached ****** piety under Vehumet
 35359 | Orc:2    | Noticed Saint Roka
 37223 | D:13     | Offered knowledge of Irradiate by Vehumet.
 39841 | Lair:6   | Found a gateway to Hell.
 39849 | Lair:6   | Identified the +9 great sword of Zaitzohe {holy, rElec
                  | Dex+4}
 41121 | D:14     | Reached XP level 16. HP: 99/106 MP: 30/30
 41308 | D:14     | Reached skill level 15 in Conjurations
 41383 | D:14     | Found a gate to the Vaults.
 41968 | D:15     | Entered Level 15 of the Dungeon
 42528 | D:15     | Reached skill level 10 in Spellcasting
 42569 | D:15     | Found a runed translucent door.
 42963 | D:15     | Found a staircase to the Depths.
 43954 | Shoals:1 | Entered Level 1 of the Shoals
 43981 | Lair:3   | Reached skill level 16 in Conjurations
 44241 | Shoals:1 | Noticed Jorgrun
 44244 | Shoals:1 | Killed from afar by Jorgrun

Illustrated notes

Levels and vault maps discovered:
D:1:      wheals_arrival_linesprint, layout_rooms
D:2:      minmay_general_purpose_star, layout_basic, minmay_domino_4
D:3:      layout_loops_ring, lemuel_doored_altar
D:4:      layout_basic, nicolae_qazlal_general_emergency,
          grunt_temple_overflow_diamond, minmay_temple_entry_gardened_gates
D:5:      layout_cave_pools, nicolae_overflow_hidden_temple, hex_medium
D:6:      layout_loops_ring, ebering_ghost_xom, minmay_misc_feat_ornament,
          uniq_blork_the_orc
D:7:      layout_loops_cross, lemuel_round_altar, serial_shops, shop,
          minmay_misc_feat_four_crosses, uniq_duvessa
D:8:      layout_basic, lemuel_tele_altar, nicolae_overflow_crystal_walls,
          uniq_grum
D:9:      layout_roguey, david_lair_generic, minmay_puff, uniq_prince_ribbit1
D:10:     minmay_the_grid_3x3 [minmay_the_grid_small_cups,
          minmay_the_grid_minigrid_large, minmay_the_grid_holed_spiral,
          minmay_the_grid_x, minmay_the_grid_odd_star, minmay_the_grid_embedded,
          minmay_the_grid_spikes, minmay_the_grid_large_cup,
          minmay_the_grid_prize_shrinking_boxes], layout_long_grid,
          serial_shops, kennysheep_little_box, uniq_erolcha
D:11:     layout_loops_corners, erik_orc_1, enter_bailey_2, special_room
          [special_room_bee], nicolae_barding_shop
D:12:     layout_roguey, special_room [special_room_orc], grunt_ministairs_2
D:13:     layout_rooms, lightli_wizard_tower
D:14:     layout_basic, grunt_vaults_entry_tiered, serial_bayou_pond_a,
          drop_trap
D:15:     grunt_enter_depths_magical_seal, layout_gridville,
          serial_park_square2, hangedman_decor_clover_reticule, lightli_airlock
Temple:   oiseaux_autumnal_temple
Lair:1:   layout_small_grid, portal_ice_cave_entry_imps, uniq_sonja, uniq_urug
Lair:2:   layout_long_grid
Lair:3:   layout_hall_layers, shoals_dummy_entry, gauntlet_entry_generic,
          hangedman_lair_unloving_vines, beast_lair_carwin_5
Lair:4:   layout_cave_pods, minmay_snake_entry_guardpost_small
Lair:5:   layout_regular_city, slime_dummy, minmay_holes
Lair:6:   evil_forest, layout_gridlike, uniq_kirke
Shoals:1: layout_shoals, serial_shops, nicolae_diamond_shop, uniq_jorgrun
Orc:1:    layout_caves, rock_pile
Orc:2:    st_orc_rangers, layout_caves, uniq_saint_roka

Skill      XL: |  1  2  3  4  5  6  7  8  9 10 11 12 13 14 15 16 |
---------------+-------------------------------------------------+-----
Conjurations   | 2 3 4 5 10 13 14 16 | 16.1
Air Magic      | 5 6 7 8 10 12 14 | 14.6
Poison Magic   | 2 4 |  4.6
Dodging        | 5 6 9 |  9.0
Fighting       | 4 6 8 11 12 13 14 | 14.1
Spellcasting   | 4 7 9 10 | 10.4
Ice Magic      | 6 |  6.8
Translocations | 3 4 |  4.0
Armour         | 5 9 |  9.9
Stealth        | |  2.0

Action                   |  1- 3 |  4- 6 |  7- 9 | 10-12 | 13-15 | 16-18 || total
-------------------------+-------+-------+-------+-------+-------+-------++-------
Melee: Short sword       |     2 |    12 |    27 |    93 |    89 |       ||   223
       Kick              |       |     4 |     9 |    21 |    21 |    15 ||    70
       Peck              |       |     2 |     4 |    15 |    13 |     6 ||    40
       Falchion          |       |       |     2 |       |       |       ||     2
       Rapier            |       |       |     2 |       |       |       ||     2
       Great sword       |       |       |       |       |     2 |    17 ||    19
 Cast: Shock             |    82 |    84 |   184 |   129 |   483 |    75 ||  1037
       Static Discharge  |       |     3 |    47 |    98 |    23 |       ||   171
       Mephitic Cloud    |       |       |    27 |    40 |    16 |     3 ||    86
       Airstrike         |       |       |       |    55 |   152 |    39 ||   246
       Freezing Cloud    |       |       |       |    34 |   184 |    10 ||   228
       Swiftness         |       |       |       |     1 |     3 |     1 ||     5
       Iskenderun's Batt |       |       |       |     3 |   100 |    14 ||   117
       Blink             |       |       |       |       |     1 |     4 ||     5
       Conjure Ball Ligh |       |       |       |       |     6 |    11 ||    17
Evoke: Wand              |       |       |       |       |     1 |       ||     1
  Use: Scroll            |     2 |     6 |    11 |     4 |     8 |       ||    31
       Potion            |       |       |       |     1 |       |     2 ||     3
 Stab: Confused          |       |       |     3 |     8 |       |       ||    11
       Sleeping          |       |       |     1 |     3 |       |       ||     4
Armor: Robe              |     6 |     6 |    18 |    32 |     1 |       ||    63
       Ring mail         |       |       |       |       |    72 |    17 ||    89
Dodge: Dodged            |    19 |    26 |    98 |   214 |   214 |    54 ||   625
       Rpst.: Great sword |       |       |       |       |       |    13 ||    13

Table legend: (Time is in decaauts)
 A = Elapsed time spent in this place.
 B = Non-inter-level travel time spent in this place.
 C = Inter-level travel time spent in this place.
 D = Time resting spent in this place.
 E = Time spent auto-exploring this place.
 F = Levels seen in this place.
 G = Mean time per level.
                   A        B        C        D        E       F      G
               +--------+--------+--------+--------+--------+-----+--------+
         Total |  42177 |  37355 |   4822 |  16470 |  10937 |  27 | 1562.1 |
       Dungeon |  25040 |  22124 |   2916 |   9402 |   7292 |  15 | 1669.3 |
        Temple |    117 |     71 |     46 |      0 |     67 |   1 |  117.0 |
          Lair |  13582 |  11984 |   1598 |   5700 |   2961 |   6 | 2263.7 |
        Shoals |     33 |     33 |      0 |      3 |      0 |   1 |   33.0 |
  Orcish Mines |   3232 |   2971 |    261 |   1364 |    616 |   2 | 1616.0 |
        Bailey |    143 |    143 |      0 |      0 |      0 |   1 |  143.0 |
      Gauntlet |     27 |     27 |      0 |      0 |      0 |   1 |   27.0 |
               +--------+--------+--------+--------+--------+-----+--------+

Top non-repeatable levels by time:
  Lair:6: 3003 daAuts
  Lair:5: 2593 daAuts
  Lair:1: 2504 daAuts
     D:9: 2502 daAuts
  Lair:4: 2327 daAuts
    D:10: 2307 daAuts
  Lair:3: 2106 daAuts
     D:4: 2027 daAuts
    D:12: 1865 daAuts
    D:11: 1846 daAuts
     D:7: 1833 daAuts
   Orc:1: 1754 daAuts
     D:6: 1717 daAuts
     D:2: 1712 daAuts
     D:8: 1510 daAuts
